Get step-by-step instructions on how to execute this build order below. Start the game timer, and the build order will tick by so you can play in parallel with StarCraft on a second screen or mobile device.

Game Time

  0:00

Last Step

  N/A

Next Step

Upcoming Step



Don't want to look back and forth between 2 screens? Try out our Overwolf App, the Spawning Tool Build Advisor to get an in-game overlay with this build!

Complete Build Order

  12  0:15  Supply Depot  
  12  0:20  SCV  
  13  0:32  SCV  
  14  0:47  Barracks  
  14  0:53  Barracks  
  14  1:01  Supply Depot  
  14  1:05  SCV  
  15  1:17  SCV  
  16  1:21  Refinery  
  16  1:24  Refinery